 Dungeon Crawl Stone Soup version 0.28-a0-422-gd71735cc25 (webtiles) character file.

Game seed: 16103974995926192168

240 freelancePsychic the Magician (level 6, 0/46 HPs)
             Began as a Djinni Fire Elementalist on Sept 9, 2021.
             Slain by an ogre (7 damage)
             ... on level 4 of the Dungeon.
             The game lasted 00:04:06 (4387 turns).

freelancePsychic the Magician (DjFE)                Turns: 4387, Time: 00:04:07

Health: 0/46       AC:  2    Str:  7    XL:     6   Next: 30%
Gold:   141        EV: 12    Int: 19    God:
                   SH:  0    Dex: 13

rFire   + + .      SeeInvis .   (no weapon)
rCold   x . .      Faith    .   (no shield)
rNeg    . . .      Spirit   .   a - +0 robe
rPois   ∞          Reflect  .   (no helmet)
rElec   .          Harm     .   (no cloak)
rCorr   .          Rampage  .   (no gloves)
Will    .....                   (boots unavailable)
Stlth   ++........              (no amulet)
HPRegen 0.15/turn               (no ring)
MPRegen 0.00/turn               (no ring)

@: flying
A: sickness immunity, fire resistance 2, cold vulnerability 1, float, innate
caster, hp casting, extra vitality 1
a: no special abilities


You were on level 4 of the Dungeon.
You visited 1 branch of the dungeon, and saw 4 of its levels.

You collected 141 gold pieces.

Inventory:

Armour
 a - a +0 robe (worn)
Wands
 e - a wand of iceblast (8)
Scrolls
 c - a scroll of blinking
 d - 2 scrolls of teleportation {@r4}
 f - a scroll of fear
Potions
 b - a potion of brilliance
 h - a potion of cancellation {unknown}


   Skills:
 + Level 3.0 Fighting
 - Level 2.1 Dodging
 - Level 1.5 Stealth
 * Level 4.4 Spellcasting


You couldn't memorise any spells.
You knew the following spells:

 Your Spells              Type           Power      Damage    Failure   Level
a - Foxfire               Conj/Fire      84%        2x1d8     2%          1
b - Scorch                Fire           42%        2d7       3%          2
c - Inner Flame           Hex/Fire       21%        N/A       6%          3
d - Conjure Flame         Conj/Fire      21%        6-21      6%          3
e - Flame Wave            Conj/Fire      21%        3d6       22%         4
f - Animate Skeleton      Necr           42%        N/A       2%          1
g - Ensorcelled Hibernat  Hex/Ice        42%        N/A       3%          2
Your spell library was empty.

Dungeon Overview and Level Annotations

Branches:
Dungeon (4/15)
 Temple: D:4-7

Altars:
Hepliaklqana
Uskayaw
The Shining One


Innate Abilities, Weirdness & Mutations

You are immune to sickness and miasma.
You are immune to poison.
Your flesh is very heat resistant. (rF++)
You are vulnerable to cold. (rC-)
You float through the air rather than walking.
You learn spells naturally, not from books.
Your magical power is your life essence.
You have superior vitality. (+4 HP)


Message History

* * * LOW HITPOINT WARNING * * *
Your iguana bites the black bear!
Flame seeps out of the black bear.
The black bear is engulfed in blazing flames.
The black bear explodes!
The fiery explosion engulfs your iguana!!
You kill your iguana!
Your iguana's corpse dissolves into shadows!
The fiery explosion engulfs your jackal!!
Your jackal's corpse dissolves into shadows!
The fiery explosion engulfs the kobold!!!
You kill the kobold!
Your jackal explodes!
The fiery explosion engulfs your quokka!!!
You kill your quokka!
Your quokka's corpse dissolves into shadows!
You hear a shout! x4
Your Fighting skill increases to level 3!
Your Spellcasting skill increases to level 4!
You have reached level 6!
Your experience leads to an increase in your attributes!
Increase (S)trength, (I)ntelligence, or (D)exterity?
You feel clever.
You hear the slow rusting of a very distant drain.
An ogre comes into view. It is wielding a +0 giant club.
Casting: Foxfire (safe; 2% risk of failure)
Confirm with . or Enter, or press ? or * to list all spells.
Aiming: Inner Flame (dangerous; 6% risk of failure)
Press: ? - help, Shift-Dir - straight line, f - ogre
Aim: an ogre, wielding a +0 giant club (chance to affect: 78%)
The ogre is filled with an inner flame.
* * * LOW HITPOINT WARNING * * *
Casting: Inner Flame (dangerous; 6% risk of failure)
Confirm with . or Enter, or press ? or * to list all spells.
Flames lash the ogre.
Flame seeps out of the ogre.
The ogre is lightly wounded.
The ogre's fire resistance burns away.
* * * LOW HITPOINT WARNING * * *
You hear a shout!
The ogre is engulfed in blazing flames.
Flame seeps out of the ogre.
The ogre hits you with a +0 giant club!
You die...

#..# #... #..# ..
#.l# . #..# #..#
#..###### #####
#..(..#.#####.○... .
######....§...##....
#..§☼.@O.......
#......#######....
#....### . #....#
#..... ###..# #..#


You could see an ogre (inner flame, inflammable).

Vanquished Creatures
  A black bear (D:4)
  An iguana (D:3)
  4 adders
  A white imp (D:3)
  3 worms (D:2)
  2 dart slugs
  10 ball pythons
  7 bats
  2 endoplasms (D:2)
  2 giant cockroaches
  6 goblins
  3 hobgoblins
  2 jackals (D:1)
  8 kobolds
  4 quokkas
  3 frilled lizards
  5 rats
64 creatures vanquished.

Vanquished Creatures (others)
  75 foxfires
75 creatures vanquished.

Grand Total: 139 creatures vanquished

Notes
Turn   | Place    | Note
-------+----------+-------------------------------------------
     0 | D:1      | freelancePsychic the Djinni Fire Elementalist began the
                  | quest for the Orb.
     0 | D:1      | Reached XP level 1. HP: 15/15 MP: 0/0
   254 | D:1      | Reached XP level 2. HP: 15/22 MP: 0/0
   703 | D:1      | Reached skill level 1 in Fighting
   983 | D:1      | Reached XP level 3. HP: 20/27 MP: 0/0
   983 | D:1      | Learned a level 1 spell: Animate Skeleton
  1124 | D:1      | Reached skill level 3 in Spellcasting
  1284 | D:1      | Found a faded altar of an unknown god.
  1970 | D:2      | Reached XP level 4. HP: 21/32 MP: 0/0
  3690 | D:3      | Reached XP level 5. HP: 35/38 MP: 0/0
  3690 | D:3      | Learned a level 2 spell: Ensorcelled Hibernation
  3898 | D:3      | Found a glowing golden altar of the Shining One.
  4080 | D:3      | Found a hide-covered altar of Uskayaw.
  4082 | D:3      | Found a hazy altar of Hepliaklqana.
  4363 | D:4      | Noticed a black bear
  4374 | D:4      | Killed a black bear
  4375 | D:4      | Reached skill level 4 in Spellcasting
  4375 | D:4      | Reached XP level 6. HP: 10/46 MP: 0/0
  4384 | D:4      | Noticed an ogre
  4387 | D:4      | Slain by an ogre

Illustrated notes

Levels and vault maps discovered:
D:1:      dpeg_arrival_connections, layout_loops_ring,
          shapermc_ecumenical_altar_notcrosses, corexii_hall_statues_u,
          chequers_serial_rivers_marsh
D:2:      layout_basic, minmay_misc_feat_square
D:3:      layout_basic, tso_altar, chequers_temple_overflow_statue_of_worship,
          minmay_checkerbox
D:4:      layout_rooms, lemuel_mausoleum_altar_kikubaaqudgha,
          minmay_temple_entry_fiery, portal_sewer_entry_e, uniq_purgy

Skill      XL: |  1  2  3  4  5 |
---------------+----------------+-----
Fighting       | 1 2 3 |  3.0
Spellcasting   | 3 4 |  4.4
Dodging        | |  2.1
Stealth        | |  1.5

Action                   |  1- 3 |  4- 6 || total
-------------------------+-------+-------++-------
Melee: Unarmed           |     2 |     1 ||     3
 Cast: Foxfire           |    33 |    11 ||    44
       Scorch            |    24 |    45 ||    69
       Animate Skeleton  |     1 |       ||     1
       Inner Flame       |       |     3 ||     3
  Use: Scroll            |     2 |     8 ||    10
Armor: Robe              |     1 |     1 ||     2
Dodge: Dodged            |    10 |    16 ||    26

Table legend: (Time is in decaauts)
 A = Elapsed time spent in this place.
 B = Non-inter-level travel time spent in this place.
 C = Inter-level travel time spent in this place.
 D = Time resting spent in this place.
 E = Time spent auto-exploring this place.
 F = Levels seen in this place.
 G = Mean time per level.
                   A        B        C        D        E       F      G
               +--------+--------+--------+--------+--------+-----+--------+
         Total |   4387 |   4271 |    116 |      0 |   3894 |   4 | 1096.8 |
       Dungeon |   4387 |   4271 |    116 |      0 |   3894 |   4 | 1096.8 |
               +--------+--------+--------+--------+--------+-----+--------+

Top non-repeatable levels by time:
     D:1: 1835 daAuts
     D:2: 1465 daAuts
     D:3: 1025 daAuts
     D:4: 60 daAuts
